[Event "Early-Titled-Tuesday-Blitz-May-14-2024"]
[Site "Chess.com"]
[Date "2024.05.14"]
[Round "7"]
[White "snowlord"]
[Black "js20000"]
[Result "1-0"]
[WhiteElo "2940"]
[BlackElo "2763"]
[TimeControl "180+1"]
[EndTime "9:20:52 PDT"]
[Termination "snowlord won by checkmate"]

1. d4 g6 2. e4 Bg7 3. Nc3 a5 4. h4 h5 5. Bc4 e6 6. Bg5 Ne7 7.
Qd2 c6 8. e5 b5 9. Bd3 d5 10.
exd6 Qxd6 11. Nf3 Qc7 12. a4 b4 13. Ne4 Nd7 14. Bf4 Qa7 15. Nd6+ Kf8 16. O-O Nd5 17. Bg3 Bh6 18. Ng5 Bxg5 19. Qxg5 Ba6 20. Nxf7 Bxd3 21.
Nxh8 Qxd4 22. cxd3 Qxh8 23. Qxg6 Ke7 24. Rfe1 Nf8 25. Qg5+ Kd7 26. Rac1 Qxb2 27. Qxh5 Qf6 28. Qg4 Nc3 29. Be5 Qg6 30. Qd4+ Nd5 31. Qc5 Rc8 32. Qd6+ Ke8 33. Rxc6 Rxc6 34. Qxc6+ Kf7 35. Bg3 Qxd3 36. h5 b3 37. Qb7+ Ke8 38. h6 Nd7 39. Rxe6+ Kd8 40. Bh4+ N5f6 41. Bxf6+ Nxf6 42. Qb6+ Kd7 43. Rxf6 Qd1+ 44.
Kh2 Qh5+ 45. Kg3 Qg5+ 46. Kf3 Qd5+ 47. Kf4 Qc4+ 48. Kg5 Qd5+ 49. Kg6 Qxg2+ 50. Kh7 Qe4+ 51. Rg6 Qc2 52. Qb7+ Ke8 53. Qb8+ Kf7 54. Qg8+ Ke7 55.
Kh8 b2 56. Rg7+ Kd6 57. Qd8+ Ke5 58. Qg5+ Kd4 59. Rd7+ Ke4 60. Qg6+ Kf3 61. Qxc2 b1=Q 62.
Qxb1 Kg2 63. h7 Kh2 64. Kg7 Kg2 65. f4 Kg3 66. f5 Kg4 67. f6 Kg5 68. f7 Kg4 69.
h8=Q Kg3 70. f8=Q Kg2 71. Rd2+ Kg3 72. Qh2+ Kg4 73. Qff5# 1-0

[Event "Early-Titled-Tuesday-Blitz-May-14-2024"]
[Site "Chess.com"]
[Date "2024.05.14"]
[Round "7"]
[White "Pomegranate988"]
[Black "kuchma777"]
[Result "0-1"]
[WhiteElo "2641"]
[BlackElo "2545"]
[TimeControl "180+1"]
[EndTime "9:20:52 PDT"]
[Termination "kuchma777 won on time"]

1. Nf3 d5 2. g3 g6 3. Bg2 Bg7 4. O-O e5 5. d3 Nc6 6. Nbd2 h6 7. c4 d4 8. Rb1 a5 9. a3 Qe7 10. e3 dxe3 11. fxe3 Nf6 12. Qa4 O-O 13. b4 Bf5 14.
e4 axb4 15. Qb3 Be6 16. axb4 Nd7 17. Bb2 Qxb4 18. Bc3 Qxb3 19. Nxb3 b6 20. Ra1 Nc5 21. Nxc5 bxc5 22. Rxa8 Rxa8 23. Ra1 Rb8 24. Kf2 Rb3 25. Rc1 Nb4 26. Bxb4 cxb4 27. Bf1 Rb2+ 28. Be2 f6 29. Ra1 Bf8 30. Ra5 b3 31. Rb5 c6 32. Rb8 Kf7 33.
Rb7+ Kg8 34. Rb8 Kg7 35. Rb7+ Bf7 36. Ke1 Rb1+ 37. Kd2 Ba3 38. Bd1 b2 39. Bc2 Rf1 40.
Ke2 Rc1 41. Kd2 g5 42. d4 Kf8 43. dxe5 fxe5 44. Nxe5 Bh5 45. g4 Be8 46. Nd3 Rh1 47. Nxb2 Rxh2+ 48. Kc3 Rh3+ 49. Kd4 c5+ 50. Ke5 Rh2 51. Ba4 Bxb2+ 52. Kf5 Bxa4 53. Rb8+ Ke7 54. Rb7+ Kd6 55. Rh7 Bc6 56. e5+ Bxe5 0-1

[Event "Early-Titled-Tuesday-Blitz-May-14-2024"]
[Site "Chess.com"]
[Date "2024.05.14"]
[Round "7"]
[White "Perecke"]
[Black "Matibar"]
[Result "1-0"]
[WhiteElo "2596"]
[BlackElo "2774"]
[TimeControl "180+1"]
[EndTime "9:20:55 PDT"]
[Termination "Perecke won by resignation"]

1. e4 c5 2. Nf3 Nc6 3. d4 cxd4 4. Nxd4 Nf6 5. Nc3 d6 6. Bg5 Qb6 7. Nb3 e6 8. Bxf6 gxf6 9. Qd2 Bd7 10. O-O-O O-O-O 11. f4 a6 12. Kb1 Kb8 13. f5 Be7 14. Be2 h5 15. Bd3 h4 16. fxe6 fxe6 17. Ne2 Ne5 18. Nf4 Rdg8 19. c3 Rg4 20. h3 Rg3 21. Be2 Qe3 22. Nd4 Qxe4+ 23. Ka1 Ng6 24. Nxg6 Qxg6 25.
Bf3 Qg5 26. Qe2 Qe5 27. Qc4 d5 28. Qb3 f5 29. Rhe1 Qd6 30. Nxf5 exf5 31. Rxd5 Be6 32. Rxd6 Bxb3 33. Rxe7 Rxf3 34. gxf3 Ba4 35. b3 Bc6 36.
Rf6 Bxf3 37. Rxf5 Bg2 38. Rfe5 Ka7 39. Rg5 Bxh3 40. Rgg7 Bc8 41. Rh7 Rxh7 42. Rxh7 h3 43. Kb2 Kb6 44. c4 Kc5 45. Kc3 Kd6 46. Kd4 Bf5 47.
Rh6+ Ke7 48. Ke5 Bg4 49. Rh7+ Kf8 50. Rxb7 Kg8 51. Rb8+ Kg7 52. Rb7+ Kg6 53. Rb6+ Kg5 54. Rf6 h2 55. Rf1 Bf3 56. c5 Bg2 57. Re1 h1=Q 58.
Rxh1 Bxh1 59. Kd6 Kf5 60. c6 Kf4 61. b4 Ke3 62. a4 Kd4 63. b5 axb5 64. axb5 Kc4 65.
b6 Kb5 66. b7 1-0

[Event "Early-Titled-Tuesday-Blitz-May-14-2024"]
[Site "Chess.com"]
[Date "2024.05.14"]
[Round "7"]
[White "karinachess1"]
[Black "bubeliang"]
[Result "1-0"]
[WhiteElo "2619"]
[BlackElo "2820"]
[TimeControl "180+1"]
[EndTime "9:20:55 PDT"]
[Termination "karinachess1 won on time"]

1. d4 a5 2. e4 Ra6 3. Bxa6 Nxa6 4. Nc3 b6 5. Nf3 Bb7 6. O-O g6 7. Qe2 Bg7 8. Bf4 d6 9. Rad1 e6 10. a3 Ne7 11. Qd2 h6 12. Rfe1 Kf8 13. Nb5 Kg8 14. c4 Qa8 15. Nc3 Kh7 16. Qe2 g5 17. Bc1 Ng6 18. Kh1 Rf8 19. Ng1 f5 20. f3 f4 21. e5 dxe5 22. d5 Qc8 23. Qc2 Qe8 24.
Ne4 Kg8 25. Ne2 exd5 26. cxd5 Qf7 27. N2c3 Nh4 28. d6 g4 29. Qf2 Nf5 30. dxc7 Qxc7 31. Nd5 Qf7 32. Nxb6 Nd4 33. Nd6 gxf3 34. Nxf7 fxg2+ 35. Kg1 Nf3+ 36. Qxf3 Bxf3 37. Nd6 Bxd1 38. Rxd1 f3 39. Be3 Nc7 40. Nbc4 Ne6 41. Ne4 Rc8 42. b3 a4 43. Ncd6 Rc2 44. bxa4 Nd4 45. Bxd4 exd4 46.
Nf2 Be5 47. Nde4 Ra2 48. a5 Rxa3 49. Rb1 Rxa5 50. Rd1 Ra4 51. Nd3 Bc7 52. Nef2 Ra2 53. Ne1 Ra3 54. Ned3 h5 55. h3 Kg7 56. Nc5 Kg6 57.
Nce4 Kf5 58. Rxd4 Be5 59. Rd1 Kf4 60. Nd2 Re3 61. Nc4 1-0

[Event "Early-Titled-Tuesday-Blitz-May-14-2024"]
[Site "Chess.com"]
[Date "2024.05.14"]
[Round "7"]
[White "Gareth-Bale11"]
[Black "viktorskliarov"]
[Result "0-1"]
[WhiteElo "2888"]
[BlackElo "2686"]
[TimeControl "180+1"]
[EndTime "9:20:57 PDT"]
[Termination "viktorskliarov won by checkmate"]

1. e4 c5 2. Nf3 Nc6 3. Bb5 e6 4.
c3 Nge7 5. d4 cxd4 6. cxd4 a6 7.
Ba4 b5 8. Bc2 d5 9. e5 Nb4 10.
Bb3 Nf5 11. Nc3 Nh4 12. Nxh4 Qxh4 13. Be3 Be7 14. a4 O-O 15. axb5 a5 16. O-O f6 17. exf6 Rxf6 18. g3 Qh3 19. Bg5 Rxf2 20. Rxf2 Bxg5 21. Qf3 h5 22. Re1 a4 23. Nxa4 Bf6 24. Rd1 Rb8 25. b6 Bd7 26. Nc5 Be8 27. b7 Bc6 28. Qg2 Qg4 29. Rf4 Qg6 30. h4 Bxb7 31. Re1 Bc8 32. Nxe6 Nd3 33. Nc5 Nxf4 34. gxf4 Bxd4+ 35. Kf1 Qxg2+ 36. Kxg2 Bxc5 37. Bxd5+ Kh7 38. b3 Bf5 39. Re5 g6 40. Bc4 Bd6 41. Ra5 Bxf4 42. Ra6 Kh6 43. Kf3 Be5 44. Bd5 Rd8 45. Bc4 Rd6 46. Ra5 Bf6 47. b4 Bxh4 48. b5 Rd4 49. Bf7 Bd8 50. Ra7 Bb6 51. Ra6 Bc5 52. Be8 Rb4 53. Kg2 h4 54. Kh2 Kg5 55. Rc6 Bd4 56. Rc1 Rb2+ 57. Kh1 Be4# 0-1

[Event "Early-Titled-Tuesday-Blitz-May-14-2024"]
[Site "Chess.com"]
[Date "2024.05.14"]
[Round "7"]
[White "Niilo1"]
[Black "Mikasinski"]
[Result "1-0"]
[WhiteElo "2351"]
[BlackElo "2661"]
[TimeControl "180+1"]
[EndTime "9:20:57 PDT"]
[Termination "Niilo1 won by resignation"]

1. e4 c5 2. Nf3 d6 3. d4 cxd4 4. Nxd4 Nf6 5. Nc3 a6 6. g3 e5 7. Nb3 Be6 8. Bg2 Be7 9. O-O Nc6 10. Re1 O-O 11. a4 Rc8 12. Nd2 Nd4 13. Nf1 Bg4 14. Qd3 Qc7 15. Ne3 Be6 16. Nf5 Bxf5 17. exf5 b5 18. axb5 axb5 19. Be3 Nxc2 20. Qxc2 b4 21. Ra7 Qd8 22. Qb3 bxc3 23. Bb6 Qe8 24. Bb7 Rb8 25. Bc7 cxb2 26. Bxb8 Qxb8 27. Ra8 Qc7 28.
Qxb2 h6 29. Rc1 Qd7 30. Bc8 Qd8 31. Ra7 Nd5 32. Qb7 Qb6 33. Qxb6 Nxb6 34. Rxe7 Nxc8 35. Rd7 Re8 36. Rcc7 Rf8 37. Kg2 h5 38. h4 e4 39.
Kf1 e3 40. fxe3 Nb6 41. Rxd6 Na4 42. Rc2 Re8 43. Ra6 Nb2 44. Rxb2 Rxe3 45. Rb8+ Kh7 46. Ra7 Rf3+ 47. Kg2 Rxf5 48. Rbb7 Kg6 49. Rb6+ f6 50. Rbb7 Rc5 51. Rxg7+ Kf5 52. Raf7 Rc2+ 53. Kf3 Rc3+ 54. Kg2 Rc2+ 55. Kh3 Rc1 56. Rf8 Rh1+ 57. Kg2 Rc1 58. Rgf7 Rc2+ 59. Kh3 Rc1 60. Rxf6+ Ke5 61. Rf1 Rc3 62.
Re8+ Kd6 63. Rd1+ Kc7 64. Re5 Rc5 65. Rxc5+ 1-0

[Event "Early-Titled-Tuesday-Blitz-May-14-2024"]
[Site "Chess.com"]
[Date "2024.05.14"]
[Round "7"]
[White "Renatoforf"]
[Black "PapaieDudu"]
[Result "0-1"]
[WhiteElo "1959"]
[BlackElo "2376"]
[TimeControl "180+1"]
[EndTime "9:20:57 PDT"]
[Termination "PapaieDudu won on time"]

1. e4 c5 2. d4 cxd4 3. c3 dxc3 4. Nxc3 Nc6 5. Nf3 d6 6. Bc4 Nf6 7. e5 dxe5 8. Qxd8+ Nxd8 9. Nb5 Rb8 10. Nxe5 e6 11.
Nc7+ Ke7 12. Bf4 Nh5 13. Be3 b6 14. O-O-O f6 15. Rxd8 Kxd8 16. Nf7+ Kxc7 17. Nxh8 g6 18. Nf7 Bd7 19. Rd1 g5 20. g4 Nf4 21. Bxf4+ gxf4 22. g5 fxg5 23. Nxg5 e5 24. Ne6+ Bxe6 25. Bxe6 Bd6 26. Kb1 Re8 27. Bd5 Bc5 28. f3 Re7 29. Be4 Bd4 30. Rc1+ Kd8 31. Rc6 Rc7 32. Rxc7 Kxc7 33. b3 h6 34. Kc2 Kd6 35. Kd3 Kc5 36. h3 a6 37. a3 b5 38. b4+ Kb6 39. Kc2 Be3 40.
Kb3 a5 41. bxa5+ Kxa5 42. Bc6 Bc5 43. Be4 Kb6 44. Bd5 Kc7 45. a4 bxa4+ 46. Kxa4 Kd6 47. Be4 Bd4 48. Kb5 Ke7 49. Kc6 Kf6 50. Kd5 Kg5 51.
Ke6 Kh4 52. Bf5 Kg3 53. Bg4 e4 54. fxe4 f3 55. Bxf3 Kxf3 56. e5 h5 57. Kf5 h4 58. e6 Bc5 59. Kg5 Kg3 60. Kf6 Kxh3 61. e7 Bxe7+ 62. Kxe7 Kg2 0-1

[Event "Early-Titled-Tuesday-Blitz-May-14-2024"]
[Site "Chess.com"]
[Date "2024.05.14"]
[Round "7"]
[White "Casablanca"]
[Black "biveklama"]
[Result "0-1"]
[WhiteElo "2709"]
[BlackElo "2577"]
[TimeControl "180+1"]
[EndTime "9:20:58 PDT"]
[Termination "biveklama won by checkmate"]

1. e4 c5 2. Nf3 d6 3. Nc3 Nf6 4. d4 cxd4 5. Nxd4 e5 6. Bb5+ Nbd7 7. Nf5 a6 8. Bxd7+ Qxd7 9. Bg5 Nxe4 10. Nxg7+ Bxg7 11. Nxe4 O-O 12. Qxd6 f6 13. Be3 Qg4 14. Ng3 Be6 15. O-O Rac8 16. c3 Rc6 17. Qe7 Rf7 18.
Qd8+ Rf8 19. Qe7 Rf7 20. Qe8+ Rf8 21. Qh5 Rd8 22. Qxg4 Bxg4 23. f3 Be6 24. Rfd1 Rcd6 25. Rxd6 Rxd6 26. Ne4 Rd3 27. Kf2 Rd8 28. Nc5 Bc8 29.
Ke2 Kf7 30. c4 Bf8 31. Ne4 f5 32. Nd2 Be6 33. Rc1 Bb4 34. Nb1 a5 35. a3 Be7 36.
b3 a4 37. b4 Rc8 38. Nd2 b5 39. c5 Bd5 40. Nb1 Ke6 41. Rd1 Rd8 42. Nc3 Bc4+ 43. Ke1 Bf6 44. Rxd8 Bxd8 45. g4 Bf6 46. gxf5+ Kxf5 47. Ne4 Be7 48. Kd2 Bd5 49. Ng3+ Ke6 50. Ke2 Bc4+ 51. Kf2 Bd5 52. Bc1 Bh4 53. Ke3 Bg5+ 54.
Kd3 Bxc1 55. Kc3 Bxa3 56. Ne2 Bxf3 57. Ng1 Bd5 58. Ne2 Bc4 59. Ng3 Bc1 60. Ne4 Kd5 61.
Nf6+ Kc6 62. Ng4 a3 63. Nxe5+ Kd5 64. Nxc4 bxc4 65. Kc2 Bb2 66. Kb1 c3 67. h4 Kc4 68.
c6 Kb3 69. c7 a2# 0-1

[Event "Early-Titled-Tuesday-Blitz-May-14-2024"]
[Site "Chess.com"]
[Date "2024.05.14"]
[Round "7"]
[White "juancruzarias"]
[Black "valik3504"]
[Result "1/2-1/2"]
[WhiteElo "2688"]
[BlackElo "2552"]
[TimeControl "180+1"]
[EndTime "9:20:58 PDT"]
[Termination "Game drawn by repetition"]

1. d4 Nf6 2. c4 c5 3. e3 e6 4. Nf3 Be7 5. Nc3 cxd4 6. exd4 d5 7. cxd5 Nxd5 8. Bd3 Nc6 9. O-O O-O 10. Re1 Bf6 11.
Bb1 g6 12. Bh6 Re8 13. Ne4 Bg7 14. Bxg7 Kxg7 15. a3 b6 16. Ba2 Bb7 17. Rc1 Nce7 18. Qd2 h6 19. Ne5 Nf5 20. Ng3 Nh4 21. f3 Rc8 22.
Rxc8 Qxc8 23. Bxd5 Bxd5 24. Qf4 Nf5 25. Ne4 Qb7 26. g4 Bxe4 27. Rxe4 g5 28. Qd2 Nh4 29. Kf2 Rc8 30. Re3 Qc7 31. Rc3 Qb8 32. d5 Qxe5 33. Rxc8 Qxh2+ 34. Ke3 Qe5+ 35. Kd3 Qxd5+ 36. Kc2 Qxf3 37.
Qd8 Qe4+ 38. Kc1 Ng6 39. Qd1 Qf4+ 40. Kb1 Ne5 41. Qd8 Ng6 42. Qg8+ Kf6 43. Qd8+ Kg7 44. Qd1 Qe4+ 45. Ka1 Nf4 46. Qd8 Ng6 47. Qg8+ Kf6 48. Qd8+ Kg7 49. Qd1 Qf4 50. Ra8 a5 51. Ra7 Ne5 52. Qd8 Nxg4 53. Ra8 Nf6 54. Qf8+ Kg6 55. Ra7 Ng4 56. Qg8+ Kh5 57. Rxf7 Qc1+ 58. Ka2 Qc4+ 59. Ka1 Qc1+ 60. Ka2 Qc4+ 61. Ka1 Qc1+ 1/2-1/2

[Event "Early-Titled-Tuesday-Blitz-May-14-2024"]
[Site "Chess.com"]
[Date "2024.05.14"]
[Round "7"]
[White "BelyakovBogdan"]
[Black "SirGerhard"]
[Result "1/2-1/2"]
[WhiteElo "2602"]
[BlackElo "2725"]
[TimeControl "180+1"]
[EndTime "9:20:59 PDT"]
[Termination "Game drawn by repetition"]

1. e4 Nc6 2. Nf3 d6 3. d4 Nf6 4. Nc3 Bg4 5. Bb5 a6 6. Bxc6+ bxc6 7. h3 Bh5 8. g4 Bg6 9. e5 Nd5 10. e6 fxe6 11. Ng5 Qd7 12. Qe2 Bf7 13. Nxf7 Kxf7 14. Ne4 h6 15. Bd2 Nf6 16. Ng3 c5 17. dxc5 Qc6 18. O-O-O Qxc5 19. Rhe1 e5 20. f4 e6 21.
g5 hxg5 22. fxg5 Nd5 23. Ne4 Qb6 24. Rf1+ Ke7 25. Qf3 Kd7 26. c4 Nf4 27. Bxf4 exf4 28. Qxf4 Be7 29. c5 Qc6 30. Kb1 d5 31. Qg4 Raf8 32.
Rfe1 Rf5 33. h4 Rhf8 34. Ng3 Rf4 35. Qh3 Rf3 36. Qg4 R8f4 37. Qh3 Bxc5 38. Rc1 Re4 39. Rxe4 dxe4 40. Qg4 Qd5 41. Qxe4 Qxe4+ 42. Nxe4 Be7 43. Rh1 Rf4 44. Nc3 g6 45. Kc2 Rg4 46. a3 c5 47.
b3 Bd6 48. Kd3 Rg3+ 49. Kc4 Rg4+ 50. Kd3 Be5 51. Ne4 Kc6 52. h5 gxh5 53. Rxh5 Kd5 54. Nc3+ Bxc3 55. Kxc3 Rg3+ 56. Kc2 e5 57. Rh6 Rxg5 58.
Rxa6 Rg2+ 59. Kc3 Rg3+ 60. Kc2 Kd4 61. Rd6+ Ke4 62. Rd8 Ke3 63. a4 e4 64. a5 Rg2+ 65. Kb1 Rg1+ 66. Kb2 Rg2+ 67. Kb1 Rg1+ 68. Kb2 Rg2+ 69. Kb1 1/2-1/2

[Event "Early-Titled-Tuesday-Blitz-May-14-2024"]
[Site "Chess.com"]
[Date "2024.05.14"]
[Round "7"]
[White "penguingm1"]
[Black "Rud_Makarian"]
[Result "0-1"]
[WhiteElo "2810"]
[BlackElo "2955"]
[TimeControl "180+1"]
[EndTime "9:21:00 PDT"]
[Termination "Rud_Makarian won by resignation"]

1. d4 Nf6 2. Nf3 c5 3. d5 b5 4. c4 b4 5. Qc2 g6 6. e4 d6 7.
Bf4 Bg7 8. Nbd2 O-O 9. Bd3 e5 10. Be3 a5 11. h3 a4 12. O-O Kh8 13. Rfe1 Ng8 14. Nf1 Bh6 15. Qd2 Bxe3 16. Nxe3 Kg7 17. Kh2 Nd7 18. g3 Ra7 19. Nh4 Ndf6 20. Neg2 a3 21.
b3 Re8 22. Re2 Qd7 23. g4 h5 24. f3 hxg4 25. fxg4 Nh7 26. Rf1 Qd8 27. Ref2 Rf8 28.
Qe3 Qg5 29. Qg3 Qd8 30. Ne3 Ng5 31. Nf3 Nxf3+ 32. Rxf3 f6 33. Be2 Kh8 34. g5 Raf7 35. Ng2 Kg7 36. gxf6+ Rxf6 37. Nh4 Qe8 38. Bd3 Rxf3 39.
Rxf3 Rxf3 40. Nxf3 Nf6 41. Ng5 Nh5 42. Qh4 Qf8 43. Be2 Qf4+ 44. Qxf4 Nxf4 45. Bf1 Kf6 46.
Nh7+ Kg7 47. Ng5 Kf6 48. Nh7+ Ke7 49. Ng5 Bd7 50. Nf3 Kf6 51. Kg3 g5 52. h4 Nh5+ 53.
Kf2 gxh4 54. Nxh4 Kg5 55. Nf3+ Kf4 56. Nd2 Nf6 57. Bd3 Bg4 58. Bb1 Bd1 59. Bd3 Bh5 60. Bb1 Bg6 61. Ke2 Bxe4 62. Bxe4 Nxe4 63. Nb1 Nc3+ 64. Nxc3 bxc3 65. Kd3 e4+ 66. Kxc3 e3 67. b4 cxb4+ 68. Kd3 b3 0-1

[Event "Early-Titled-Tuesday-Blitz-May-14-2024"]
[Site "Chess.com"]
[Date "2024.05.14"]
[Round "7"]
[White "Blitz_Lover1"]
[Black "KorolDimitriy75"]
[Result "1-0"]
[WhiteElo "2322"]
[BlackElo "2405"]
[TimeControl "180+1"]
[EndTime "9:21:01 PDT"]
[Termination "Blitz_Lover1 won on time"]

1. e4 c5 2. Nf3 d6 3. d4 cxd4 4. Nxd4 Nf6 5. Nc3 g6 6. Be3 Bg7 7. f3 O-O 8. Qd2 Nc6 9. O-O-O d5 10. exd5 Nxd5 11. Nxc6 bxc6 12. Bd4 e5 13. Bc5 Be6 14. Ne4 Rb8 15. Bc4 Qc7 16. Bxf8 Bxf8 17. h4 Qb6 18. Bb3 a5 19. c3 h6 20. h5 g5 21. g4 Kh8 22. Kb1 Ne3 23. Bxe6 Nxd1 24. Rxd1 fxe6 25. Ka1 a4 26. Rb1 Qb5 27. Qd7 Ba3 28.
Qd2 Bf8 29. Qc2 Be7 30. c4 Qb4 31. a3 Qb3 32. Qc3 Kg8 33. Qxe5 Bxa3 34. Qxe6+ Kh8 35. Qxh6+ Kg8 36. Qe6+ Kf8 37. Qf6+ Kg8 38. Qxg5+ Kf8 39. Qf6+ Kg8 40. Qe6+ Kh8 41. Qh6+ Kg8 42. Qg6+ Kf8 43. Qf6+ Kg8 44. Ng5 Bxb2+ 45. Qxb2 Rb7 46. Qxb3 axb3 47.
Kb2 Kg7 48. Ne4 Kf7 49. Kc3 Ke6 50. Rxb3 Ra7 51. Nc5+ Ke5 52. Ne4 Ra1 53. Kb4 Rc1 54. Kc5 Kf4 55. Rb7 Kxf3 56. Nf6 Kf4 57. h6 Kg5 58. h7 Rh1 59. Rb8 Kxf6 60. h8=Q+ 1-0

[Event "Early-Titled-Tuesday-Blitz-May-14-2024"]
[Site "Chess.com"]
[Date "2024.05.14"]
[Round "7"]
[White "Pedrada88"]
[Black "chess_sharparchitect"]
[Result "1-0"]
[WhiteElo "2563"]
[BlackElo "2324"]
[TimeControl "180+1"]
[EndTime "9:21:03 PDT"]
[Termination "Pedrada88 won on time"]

1. Nf3 d5 2. g3 Nf6 3. Bg2 c5 4. O-O Nc6 5. d4 cxd4 6. Nxd4 e6 7. b3 Be7 8. Bb2 O-O 9. Nd2 Re8 10. c4 Bc5 11. Nxc6 bxc6 12. Rc1 Be7 13. e4 Ba6 14.
Re1 Bb4 15. exd5 cxd5 16. a3 Bxd2 17. Qxd2 dxc4 18. Qxd8 Raxd8 19. bxc4 Rd2 20. Bc3 Ra2 21. c5 Rxa3 22. Bxf6 gxf6 23. Ra1 Rxa1 24. Rxa1 Bb5 25.
Rxa7 Rc8 26. Ra8 Bd7 27. f4 Kf8 28. Ra5 Ke7 29. Kf2 Bc6 30. Ra7+ Kf8 31. Bf1 h6 32. Ke3 Kg7 33. Be2 Bd5 34. Kd4 Kg6 35. Bd3+ f5 36. Ra5 Kf6 37. Bb5 Rc7 38. Ra6 Rc8 39. c6 Rc7 40. Kc5 Rc8 41. Kd6 Bxc6 42. Bxc6 Rd8+ 43.
Bd7 Rf8 44. Ra7 h5 45. Bb5 Rh8 46. h4 Rg8 47. Ra3 Rd8+ 48. Bd7 Rb8 49. Rc3 Rb6+ 50. Bc6 Rb8 51. Kc7 Rb4 52. Bf3 Rd4 53. Bxh5 Rd2 54. Bf3 e5 55. Rc6+ Kg7 56. fxe5 Rd3 57. Bh5 Rxg3 58.
Rf6 f4 59. Rxf4 Rh3 60. Bxf7 Rc3+ 61. Kd6 Rd3+ 62. Bd5 Re3 63. e6 Kg6 64. e7 Kg7 65. Rf8 Kg6 66. e8=Q+ 1-0

[Event "Early-Titled-Tuesday-Blitz-May-14-2024"]
[Site "Chess.com"]
[Date "2024.05.14"]
[Round "7"]
[White "petearrpan"]
[Black "martinez_95"]
[Result "0-1"]
[WhiteElo "2248"]
[BlackElo "2179"]
[TimeControl "180+1"]
[EndTime "9:21:03 PDT"]
[Termination "martinez_95 won by resignation"]

1. e4 e5 2. Nf3 Nc6 3. Bb5 a6 4. Ba4 Nf6 5. Bxc6 dxc6 6. d3 Bc5 7. Nbd2 Qe7 8. Nc4 Nd7 9. O-O f6 10. Nh4 Nf8 11. Nf5 Bxf5 12. exf5 Qd7 13. Qh5+ g6 14.
fxg6 O-O-O 15. Be3 Ne6 16. Qf5 hxg6 17. Qxf6 Rdf8 18.
Qxe5 Bd6 19. Nxd6+ cxd6 20. Qg3 Ng7 21. h3 Nf5 22.
Qg4 Rh4 23. Qf3 Rf7 24. Rae1 Nd4 25. Qg3 Nf5 26. Qg5 Rh5 27. Qxg6 Rxh3 28. Bb6 Rh8 29. Qe6 Rfh7 30. f3 Ng3 31. Bd4 Qxe6 32. Bxh8 Ne2+ 33. Kf2 Rxh8 34. Rxe2 Qf6 35. c3 Qf5 36. d4 Qb5 37. Rfe1 Kc7 38. Re7+ Kb6 39. R1e2 Rh1 40. b3 Qd3 41. R7e3 Qd1 42. c4 Qg1+ 43. Kg3 Qh2+ 44. Kf2 Rg1 45. Re4 Rxg2+ 46. Ke1 Rxe2+ 47. Rxe2 Qg3+ 48. Rf2 d5 49. Ke2 dxc4 50. bxc4 a5 51. Kd3 Kc7 52.
Ke3 Qg6 53. f4 b5 54. cxb5 cxb5 55. f5 Qe8+ 56. Kf4 Qf7 57. Rc2+ Kd6 58. Rc5 Qxa2 59.
Rxb5 Qd2+ 60. Kg3 Qd3+ 61. Kf4 Qxb5 62. f6 Qe8 63. Kf5 Qf8 64. Kg6 a4 65. f7 a3 66. d5 a2 67. Kf6 a1=Q+ 68. Kg6 Qd4 0-1

[Event "Early-Titled-Tuesday-Blitz-May-14-2024"]
[Site "Chess.com"]
[Date "2024.05.14"]
[Round "7"]
[White "tandaleo"]
[Black "AradNazari"]
[Result "1-0"]
[WhiteElo "2600"]
[BlackElo "2796"]
[TimeControl "180+1"]
[EndTime "9:21:05 PDT"]
[Termination "tandaleo won by checkmate"]

1. d4 Nf6 2. Nf3 g6 3. Nbd2 c5 4. dxc5 Qa5 5. a3 Qxc5 6. b4 Qc7 7. Bb2 Bg7 8. e3 O-O 9. Be2 a5 10. c4 b6 11. O-O Bb7 12. Qb3 Na6 13. Nd4 Qe5 14. N2f3 Qe4 15. h3 Bc8 16. Nd2 Qh4 17.
Bf3 Rb8 18. Rfd1 e5 19. Nb5 Ne8 20. Ne4 Qe7 21. Ned6 Nxd6 22. Nxd6 Rd8 23. Rd2 axb4 24. axb4 Nc7 25. Ra7 Ne8 26. Nxc8 Rbxc8 27. Qa4 e4 28. Be2 Bxb2 29. Rxb2 Qd6 30. Qa2 Nc7 31. b5 Ne6 32. Rd2 Qe7 33. Qc2 Nc5 34. Rd5 Ra8 35. Qa2 Qf8 36.
Bd1 Kg7 37. Bc2 Rxa7 38. Qxa7 Ra8 39. Qxb6 Ne6 40. Qd6 Ra1+ 41. Kh2 Qxd6+ 42. Rxd6 Rc1 43. Bxe4 Rxc4 44. Bd5 Rb4 45. Rxd7 Ng5 46. f4 Ne6 47. Bxe6 Kf6 48. Bxf7 Rxb5 49. e4 g5 50. fxg5+ Kxg5 51. Bd5 Rc5 52. Rxh7 Kf4 53. Rf7+ Ke5 54. Rf5+ Kd4 55.
h4 Rc7 56. h5 Rg7 57. Kh3 Ra7 58. g4 Ra1 59. Kh4 Ke3 60. Kg5 Rh1 61. h6 Rg1 62. Kh5 Rh1+ 63. Kg6 Rh4 64. g5 Kd4 65. h7 Kc5 66. Kg7 Kd6 67. h8=Q Rg4 68. Qd8+ Kc5 69. Qc7+ Kd4 70. Qc4+ Ke3 71. Qc3+ Ke2 72. Bc4+ Kd1 73.
Rf1# 1-0

[Event "Early-Titled-Tuesday-Blitz-May-14-2024"]
[Site "Chess.com"]
[Date "2024.05.14"]
[Round "7"]
[White "Carolinamazariegos88"]
[Black "cukus"]
[Result "0-1"]
[WhiteElo "1697"]
[BlackElo "2376"]
[TimeControl "180+1"]
[EndTime "9:21:05 PDT"]
[Termination "cukus won by resignation"]

1. c4 Nf6 2. Nc3 e5 3. g3 d5 4. cxd5 Nxd5 5. Bg2 Nb6 6. d3 Be7 7. Nf3 Nc6 8. O-O O-O 9. a3 Be6 10. Nd2 f5 11. f4 Bf6 12. Nf3 Nd4 13. fxe5 Nxf3+ 14.
Bxf3 Bxe5 15. Bxb7 Rb8 16. Bg2 Nd5 17. Nxd5 Bxd5 18.
e4 fxe4 19. dxe4 Bc4 20. Rxf8+ Qxf8 21. Be3 Rxb2 22. Bxa7 c5 23. Qf3 Bd4+ 24. Kh1 Qe7 25. Rc1 Bb5 26. Bb8 Rf2 27. Qg4 h6 28. Bf4 Bc6 29.
Qc8+ Be8 30. e5 Kh7 31. Be4+ g6 32. Qb7 Qxb7 33. Bxb7 g5 34. Bd2 Rxd2 35. e6 Re2 36. Bd5 Re5 37. Bc4 Kg7 38. Kg2 Bg6 39. a4 Be4+ 40.
Kh3 Bd5 41. Bxd5 Rxd5 42. a5 Re5 43. a6 Rxe6 44. Rb1 Rxa6 45. Kg4 Kg6 46. Kf3 Rf6+ 47.
Ke4 Re6+ 48. Kd5 Re5+ 49. Kc4 Rf5 50. g4 Rf6 51. Kd5 h5 52. h3 hxg4 53. hxg4 Rf4 54. Rb6+ Kg7 55. Rb7+ Kf8 56. Rb8+ Kf7 57. Rb7+ Kg6 58.
Rb6+ Rf6 59. Rb1 Rf7 60. Rb6+ Kg7 61. Rb1 Rd7+ 62. Ke6 Ra7 63. Kf5 Be3 64. Rb6 Bf4 65. Rc6 Ra5 66. Rc7+ Bxc7 67. Kxg5 c4+ 0-1

[Event "Early-Titled-Tuesday-Blitz-May-14-2024"]
[Site "Chess.com"]
[Date "2024.05.14"]
[Round "7"]
[White "blitzking1729"]
[Black "AlexanderKing"]
[Result "1-0"]
[WhiteElo "2760"]
[BlackElo "2560"]
[TimeControl "180+1"]
[EndTime "9:21:06 PDT"]
[Termination "blitzking1729 won on time"]

1. g3 Nf6 2. Bg2 g6 3. c4 Bg7 4.
Nc3 O-O 5. Nf3 c5 6. O-O Nc6 7. b3 d5 8. cxd5 Nxd5 9. Bb2 Nxc3 10. Bxc3 Bxc3 11. dxc3 Qxd1 12. Rfxd1 Bg4 13. h3 Bxf3 14. Bxf3 Rfd8 15. Bxc6 bxc6 16. e4 a5 17. Kf1 Rxd1+ 18. Rxd1 a4 19. b4 a3 20. Ke2 Kg7 21. bxc5 Ra5 22. Rb1 Rxc5 23. Rb3 f5 24. exf5 gxf5 25. Rxa3 Rb5 26. Rb3 Ra5 27. a3 c5 28. Kd3 Ra4 29. Rb5 Rxa3 30. Rxc5 Kf6 31. g4 fxg4 32. hxg4 Ra2 33.
f3 Rf2 34. Rf5+ Ke6 35. c4 h5 36. Rxh5 Rxf3+ 37. Ke4 Rg3 38. Rh6+ Kd7 39. Rg6 Rc3 40. Kd4 Rg3 41. g5 e6 42. Rg7+ Kc6 43. Ke5 Re3+ 44.
Kf6 Kc5 45. Re7 Kxc4 46. Rxe6 Rf3+ 47. Kg7 Kd5 48. Re1 Kd6 49. g6 Kd7 50. Kg8 Rh3 51.
g7 Rh2 52. Re5 Kd6 53. Re8 Kd7 54. Rf8 Ke7 55. Rf1 Rh3 56. Re1+ Kd7 57. Re4 Rh1 58. Kf7 Rf1+ 59. Kg6 Rg1+ 60. Kf6 Kd8 61. Re5 Kd7 62.
Rg5 Rf1+ 63. Kg6 1-0

[Event "Early-Titled-Tuesday-Blitz-May-14-2024"]
[Site "Chess.com"]
[Date "2024.05.14"]
[Round "7"]
[White "briesmas"]
[Black "DvaHrasta"]
[Result "1-0"]
[WhiteElo "2357"]
[BlackElo "2517"]
[TimeControl "180+1"]
[EndTime "9:21:06 PDT"]
[Termination "briesmas won on time"]

1. e4 c6 2. d4 d5 3. exd5 cxd5 4. Bd3 Nc6 5. c3 e5 6. dxe5 Nxe5 7. Ne2 Nf6 8. Bf4 Bd6 9. O-O O-O 10. Bc2 Bg4 11.
f3 Qb6+ 12. Kh1 Qxb2 13. Nd2 Be6 14. Rb1 Qxa2 15. Rxb7 Rab8 16. Rxb8 Rxb8 17. Nd4 Rb2 18. N2b3 a5 19. Bxe5 Bxe5 20. Qd3 Qa3 21. Ra1 Ra2 22. Re1 Bxd4 23. Nxd4 Ra1 24. Qd2 Qb2 25. h4 a4 26.
Bxh7+ Kxh7 27. Qxb2 Rxe1+ 28. Kh2 Bd7 29. Qd2 Ra1 30.
Nc2 Ra2 31. Qd3+ g6 32. Nb4 Ra3 33. h5 Bf5 34. hxg6+ Kxg6 35. Qd4 Be6 36. g4 Rb3 37. Qd3+ Kg7 38. g5 Rb2+ 39. Kg1 Nh5 40. c4 Rxb4 41. Qc3+ d4 42. Qxb4 Bd7 43. c5 Kg6 44. Qxd4 Be6 45. f4 Kf5 46. Qe5+ Kg4 47. Kf2 Nxf4 48. Qd4 Kxg5 49.
Qxa4 Nd3+ 50. Ke3 Ne5 51. Qf4+ Kg6 52. Qxe5 Bd7 53. Qd6+ Be6 54. c6 Kf5 55. c7 Kg4 56.
Qf4+ Kh5 57. Qd6 Kg4 58. Qxe6+ fxe6 59. c8=Q Kf5 60. Qc4 Ke5 61. Qe4+ Kd6 62. Kd4 e5+ 63. Qxe5+ Kc6 64. Qd5+ Kb6 65. Qc5+ Kb7 66. Kd5 Ka6 67. Kd6 Kb7 68. Qc6+ Kb8 69. Qd7 1-0